Map: 贝克特工业-天梯版

Players

iGMacSed (MacSed)

  • Race: Protoss Protoss
  • League: Grandmaster

TIME (Oliveira) - Winner!

  • Race: Terran Terran
  • League: Grandmaster

Event: DreamHack SC2 Masters 2021 Fall

VOD

Have the link to the VOD?

Description

Time

  • Played on: Aug. 8, 2021, 8:40 a.m.
  • Length: 6:58

All games in this series

Show
View Real Time Build Order
Export as new Build Order

iGMacSed Protoss 

Build Orders: Phoenix Opening 

Get SALT Encoding   

  12  0:00  Probe  
  13  0:12  Probe  
  14  0:17  Pylon  
  14  0:24  Probe (Chrono Boost)  
  15  0:36  Gateway  
  15  0:37  Probe (Chrono Boost)  
  16  0:43  Probe (Chrono Boost)  
  16  0:45  Assimilator  
  17  0:51  Probe  
  17  0:54  Assimilator  
  18  1:03  Probe  
  19  1:15  Probe  
  20  1:19  Pylon  
  20  1:23  Cybernetics Core  
  20  1:27  Probe  
  23  1:39  Probe  
  24  1:51  Probe  
  23  2:01  Adept (Chrono Boost)  
  23  2:02  Stargate  
  23  2:06  Warp Gate, Probe  
  26  2:19  Nexus  
  26  2:26  Adept  
  28  2:34  Pylon  
  28  2:35  Probe  
  29  2:47  Probe  
  29  2:51  Phoenix (Chrono Boost)  
  32  2:58  Adept  
  32  3:02  Probe  
  35  3:08  Phoenix (Chrono Boost)  
  37  3:14  Probe  
  38  3:22  Pylon  
  38  3:26  Probe  
  39  3:31  Phoenix (Chrono Boost)  
  41  3:35  Probe  
  41  3:38  Probe  
  41  3:43  Shield Battery  
  41  3:47  Probe  
  42  3:48  Phoenix (Chrono Boost)  
  42  3:54  Probe  
  45  3:59  Probe  
  46  4:03  Gateway  
  46  4:06  Probe  
  46  4:07  Phoenix (Chrono Boost)  
  49  4:12  Probe  
  50  4:18  Gateway  
  50  4:20  Probe  
  50  4:22  Sentry  
  53  4:24  Probe  
  54  4:31  Assimilator  
  54  4:32  Probe  
  54  4:36  Probe  
  55  4:46  Twilight Council, Pylon  
  55  4:47  Probe  
  55  4:48  Forge  
  55  4:51  Probe  
  57  4:52  Adept  
  57  4:59  Adept, Probe  
  62  5:16  Gateway  
  62  5:17  Adept  
  62  5:18  Gateway  
  62  5:19  Adept  
  62  5:20  Gateway  
  62  5:21  Resonating Glaives (Chrono Boost)  
  63  5:31  Adept  
  65  5:39  Adept  
  65  5:47  Adept  
  67  5:50  Pylon  
  67  5:52  Pylon  
  67  5:54  Adept  
  69  6:08  Pylon  
  69  6:09  Pylon  
  69  6:15  Pylon  
  69  6:17  Adept  
  70  6:27  Adept x5  
Show
View Real Time Build Order
Export as new Build Order

TIME Terran - Winner!

Build Orders: Liberator Opening 

Get SALT Encoding   

  12  0:00  SCV  
  13  0:12  SCV  
  14  0:17  Supply Depot  
  14  0:24  SCV  
  15  0:39  SCV  
  15  0:40  Barracks  
  16  0:44  Refinery  
  16  0:51  SCV  
  17  1:03  SCV  
  18  1:15  SCV  
  19  1:28  Marine  
  19  1:29  Orbital Command  
  20  1:40  Command Center  
  20  1:47  Barracks Reactor  
  20  1:51  Supply Depot  
  20  1:55  SCV  
  21  2:05  Factory  
  21  2:07  SCV  
  21  2:08  Refinery  
  22  2:11  Bunker  
  22  2:19  SCV  
  23  2:23  Marine x2  
  25  2:30  Supply Depot  
  25  2:32  SCV  
  26  2:41  Marine x2  
  26  2:44  SCV  
  29  2:48  Factory Tech Lab  
  29  2:59  SCV  
  29  3:03  Command Center  
  30  3:08  Cyclone  
  33  3:15  Starport  
  33  3:17  SCV  
  34  3:20  Marine  
  34  3:23  Marine  
  36  3:28  Supply Depot  
  36  3:34  SCV  
  37  3:42  Marine  
  37  3:43  Marine  
  39  3:50  SCV, Siege Tank  
  39  3:54  Liberator  
  46  4:03  SCV  
  47  4:15  Marine x2  
  47  4:16  Orbital Command  
  49  4:17  SCV  
  49  4:22  Siege Tank  
  53  4:25  Bunker  
  53  4:29  SCV  
  53  4:30  Orbital Command  
  54  4:33  Marine  
  54  4:34  Marine  
  56  4:41  Medivac  
  58  4:46  SCV  
  58  4:51  Marine x2  
  61  4:52  Supply Depot  
  61  4:55  SCV  
  62  5:03  Engineering Bay  
  62  5:06  Supply Depot  
  59  5:10  Marine x2  
  59  5:11  SCV  
  60  5:19  Siege Tank  
  63  5:23  Viking  
  63  5:28  Marine x2  
  66  5:32  SCV  
  68  5:40  Missile Turret  
  65  5:46  Marine  
  65  5:50  Marine, Bunker  
  65  5:51  Bunker  
  65  5:53  Missile Turret  
  66  5:59  Missile Turret  
  66  6:05  Siege Tank  
  66  6:07  Marine  
  66  6:10  Viking  
  72  6:16  SCV x2  
  72  6:17  Marine  
  75  6:28  SCV  
  75  6:29  SCV  
  75  6:31  Marine  
  73  6:40  SCV  

Tags
 
Add a new tag
Caveats
  • Supply blocks, unpowered buildings, or Contaminate may cause inaccurate times.
  • Supply counts are checked every 10 seconds.